 Dungeon Crawl Stone Soup version 0.14-a0-1570-g671a4b6 (webtiles) character file.

54 thfral the Shooter (level 2, -6/28 HPs)
             Began as a Centaur Hunter on Dec 20, 2013.
             Was a Follower of Lugonu.
             Hit by a tomahawk thrown by Ikkuf (9 damage)
             ... created by the player character
             ... on Level 1 of the Dungeon.
             The game lasted 00:04:31 (1395 turns).

thfral the Shooter (Centaur Hunter)                 Turns: 1395, Time: 00:04:31

HP  -6/28        AC  8     Str 19      XL: 2   Next: 89%
MP   2/2         EV  2     Int 10      God: Lugonu [*.....]
Gold 28          SH  0     Dex  9      Spells:  0 memorised,  1 level left

rFire  . . .     SeeInvis .     b - +1 bow
rCold  . . .     Clarity  .     n - +0 plate armour
rNeg   . . .     Conserve .     (no shield)
rPois  .         rCorr    .     (no helmet)
rElec  .         rRot     .     (no cloak)
SustAb . .       Spirit   .     (no gloves)
rMut   .         Warding  .     (no barding)
Saprov . . .     Stasis   .     (no amulet)
                                (no ring)
                                (no ring)

@: mighty, very quick, not resistant to hostile enchantments, extremely
unstealthy
A: hooves 3, deformed body, herbivore 1, speed 2, fast metabolism 1, tough skin
3
a: Depart the Abyss, Renounce Religion


You were on level 1 of the Dungeon.
You worshipped Lugonu.
Lugonu was aware of your devotion.
You were not hungry.

You visited 1 branch of the dungeon, and saw 1 of its levels.

You collected 28 gold pieces.

Inventory:

Hand weapons
 a - a +0,+0 short sword
 b - a +1,+1 bow (weapon)
Missiles
 c - 20 arrows (quivered)
Armour
 d - a +0 leather armour
 n - a +0 plate armour (worn)
Comestibles
 f - 4 bread rations
 l - 2 chunks of hobgoblin flesh
Scrolls
 e - a scroll of teleportation {unknown}
 g - a scroll of identify {unknown}
 i - a scroll of remove curse {unknown}
 m - a scroll of enchant weapon I {unknown}
 o - a scroll of curse armour {unknown}
Jewellery
 k - an uncursed ring of magical power {unknown}
Potions
 j - 2 potions of resistance {unknown}
Miscellaneous
 h - a plain deck of changes {drawn: 9}


   Skills:
 + Level 4.7 Fighting
 * Level 6.0 Bows
 - Level 1.3 Dodging
 - Level 0.5 Stealth


You had one spell level left.
You didn't know any spells.

Dungeon Overview and Level Annotations

Branches:
Dungeon (1/16)

Altars:
Nemelex Xobeh
Lugonu


Innate Abilities, Weirdness & Mutations

You have hooves in place of feet.
Armour fits poorly on your strangely shaped body.
You digest meat inefficiently.
You cover ground very quickly.
You have a fast metabolism.
You have extremely tough skin (AC +3).


Message History

You can now depart the Abyss.
b - a +1,+1 bow (weapon)
Ikkuf hits you from afar with a trident.
You enter the shallow water.
Moving in this stuff is going to be slow.
Ikkuf throws a tomahawk.
The tomahawk hits you!
You hear a splash.
You see here a tomahawk.
You see here a scale mail.
Ikkuf throws a tomahawk.
The tomahawk hits you!
* * * LOW HITPOINT WARNING * * *
You hear a splash.
You see here a tomahawk.
Ikkuf throws a tomahawk.
The tomahawk hits you!
* * * LOW HITPOINT WARNING * * *
You see here a tomahawk.
You see here a tomahawk.
You see here a tomahawk.
Ikkuf throws a tomahawk.
The tomahawk hits you!
You die...

######## #......#
#......##########
#...............#
#.......≈.#####.#
####.......≈≈#####.####
#...≈(@...≈.≈)..≈......
#...#(####.≈.#####.####
#...#[# #...# #.....
#.≈.#(# #...# #..(..
#≈.≈#_# #...# #.....
#≈≈≈#m####...#####.....
#≈≈≈.≈≈.≈≈.............
#..≈#≈#####.######.....
#..≈#≈#####.# #.####


You could see Ikkuf the merfolk.

Vanquished Creatures
  A giant gecko (D:1)
  A bat (D:1)
  A giant cockroach (D:1)
  4 goblins (D:1)
  5 hobgoblins (D:1)
  3 jackals (D:1)
  A giant newt (D:1)
  3 kobolds (D:1)
  4 rats (D:1)
23 creatures vanquished.

Notes
Turn   | Place    | Note
--------------------------------------------------------------
     0 | D:1      | thfral, the Centaur Hunter, began the quest for the Orb.
     0 | D:1      | Reached XP level 1. HP: 16/16 MP: 1/1
   482 | D:1      | Reached XP level 2. HP: 17/23 MP: 2/2
  1158 | D:1      | Found a sparkling altar of Nemelex Xobeh.
  1167 | D:1      | Reached skill level 6 in Bows
  1386 | D:1      | Noticed Ikkuf
  1389 | D:1      | Became a worshipper of Lugonu the Unformed
  1389 | D:1      | Acquired Lugonu's first power
  1395 | D:1      | Hit by a tomahawk thrown by Ikkuf

Action                   || total
-------------------------++-------
Melee: Short sword       ||    92
 Fire: Bow               ||     1
Evoke: Deck              ||     9
